 Dungeon Crawl Stone Soup version 0.14.1-26-g5a19342 (webtiles) character file.

21 Kae the Vexing (level 2, -1/13 HPs)
             Began as a Spriggan Enchanter on Aug 2, 2014.
             Slain by a kobold (4 damage)
             ... on Level 1 of the Dungeon.
             The game lasted 00:01:03 (366 turns).

Kae the Vexing (Spriggan Enchanter)                  Turns: 366, Time: 00:01:03

HP  -1/13        AC  3     Str  4      XL: 2   Next: 24%
MP   5/7         EV 18     Int 16      God:
Gold 8           SH  0     Dex 16      Spells:  2 memorised,  3 levels left

rFire  . . .     SeeInvis +     b - +2,+1 dagger (holy)
rCold  . . .     Clarity  .     k - +1 robe
rNeg   . . .     Conserve .     (shield restricted)
rPois  .         rCorr    .     (helmet restricted)
rElec  .         rRot     .     (no cloak)
SustAb . .       Spirit   .     (gloves unavailable)
rMut   .         Warding  .     (boots unavailable)
Saprov . . .     Stasis   .     (no amulet)
MR     .....                    (no ring)
                                (no ring)

@: very quick, not resistant to hostile enchantments, stealthy
A: unfitting armour, see invisible, herbivore 3, speed 3, slow metabolism 2
a: no special abilities


You were on level 1 of the Dungeon.
You were not hungry.

You visited 1 branch of the dungeon, and saw 1 of its levels.

You collected 8 gold pieces.

Inventory:

Hand weapons
 a - a +1,+1 dagger
 b - a +2,+1 dagger of holy wrath (weapon)
Missiles
 d - 11 darts (quivered)
Armour
 k - a +1 robe (worn)
Comestibles
 f - an apple
Scrolls
 g - a scroll of fog {unknown}
 h - a scroll of immolation {unknown}
 i - a scroll of identify {unknown}
Jewellery
 j - a +0,+8 ring of slaying {unknown}
Potions
 e - a potion of porridge
Books
 c - a book of Maledictions

   Spells                             Type                      Level
   *Corona                            Hexes                        1
   Sure Blade                         Hexes/Charms                 2
   *Ensorcelled Hibernation           Hexes/Ice                    2
   Confuse                            Hexes                        3
   Enslavement                        Hexes                        4
   Invisibility                       Hexes                        6


   Skills:
 * Level 1.5 Short Blades
 - Level 1.1 Throwing
 - Level 3.0 Dodging
 * Level 3.8 Stealth
 + Level 2.7 Spellcasting
 + Level 3.8 Hexes


You had 3 spell levels left.
You knew the following spells:

 Your Spells              Type           Power        Failure   Level  Hunger
a - Corona                Hex            ##.....      4%          1    #......
b - Ensorcelled Hibernat  Hex/Ice        #.....       14%         2    ##.....


Dungeon Overview and Level Annotations

Branches:
Dungeon (1/15)

Altars:


Innate Abilities, Weirdness & Mutations

You are tiny and cannot use many weapons and most armour.
You have supernaturally acute eyesight.
You are a herbivore.
You cover ground extremely quickly.
You need consume almost no food.


Message History

You closely miss the giant gecko.
The giant gecko is almost dead.
The giant gecko barely misses you.
You miss the giant gecko.
The giant gecko is almost dead.
The giant gecko bites you. The kobold hits you.
* * * LOW HITPOINT WARNING * * *
You are too injured to fight recklessly!
You are too injured to fight recklessly!
You are too injured to fight recklessly!
You are too injured to fight recklessly!
You are too injured to fight recklessly!
You are too injured to fight recklessly!
Casting: Corona
Confirm with . or Enter, or press ? or * to list all spells.
Aiming: Ensorcelled Hibernation
Press: ? - help, Shift-Dir - straight line, f - giant gecko
Aim: a giant gecko (severely wounded)
The giant gecko looks drowsy...
The kobold hits you.
You die...

# # # #
########################
........................
##############........?.
........................#
############...%@l......#
# #.....)#.K......# #
##?##...#........
#..........$.....
########..###.#########[
#..........##.####
#.................
...........%.......
#........>.........


You could see a giant gecko (sleeping) and a kobold.

Vanquished Creatures
  An ooze (D:1)
  2 bats (D:1)
  3 hobgoblins (D:1)
  A ball python (D:1)
  2 giant newts (D:1)
  A goblin (D:1)
  A kobold (D:1)
  2 rats (D:1)
13 creatures vanquished.

Notes
Turn   | Place    | Note
--------------------------------------------------------------
     0 | D:1      | Kae, the Spriggan Enchanter, began the quest for the Orb.
     0 | D:1      | Reached XP level 1. HP: 9/9 MP: 4/4
   168 | D:1      | Reached XP level 2. HP: 7/13 MP: 7/7
   316 | D:1      | Learned a level 2 spell: Ensorcelled Hibernation
   366 | D:1      | Slain by a kobold

Action                   || total
-------------------------++-------
Melee: Dagger            ||    43
Throw: Dart              ||     4
 Cast: Corona            ||     5
       Ensorcelled Hiber ||     1
 Stab: Sleeping          ||     2
       Distracted        ||     1
